 Dungeon Crawl Stone Soup version 0.26-a0-784-g51bffae0b1 (webtiles) character file.

Game seed: 5683111216855913498

9988 Decritt the Cleaver (level 11, -16/99 HPs)
             Began as a Minotaur Fighter on Nov 10, 2020.
             Was an Elder of Ru.
             Killed from afar by an ice dragon (39 damage)
             ... with a blast of cold
             ... on level 10 of the Dungeon.
             The game lasted 00:35:07 (10561 turns).

Decritt the Cleaver (Minotaur Fighter)             Turns: 10561, Time: 00:35:08

Health: -16/99     AC: 20    Str: 30    XL:     11   Next: 30%
Magic:  10/10      EV:  8    Int:  5    God:    Ru [****..]
Gold:   573        SH: 12    Dex: 10    Spells: 10/10 levels left

rFire    + . .     SeeInvis .   E - +2 morningstar
rCold    . . .     Faith    .   c - +0 kite shield
rNeg     . . .     Spirit   .   n - +2 chain mail {rF+}
rPois    .         Reflect  .   (helmet restricted)
rElec    .         Harm     .   (no cloak)
rCorr    .         Rampage  .   o - +0 pair of gloves
MR       .....                  H - +0 pair of boots
Stlth    ..........             (no amulet)
HPRegen  0.26/turn              f - +6 ring of strength
MPRegen  0.12/turn              D - +4 ring of protection

@: no status effects
A: retaliatory headbutt, horns 2, inability to use devices, unskilled 1
a: Draw Out Power, Power Leap, Renounce Religion


You were on level 10 of the Dungeon.
You worshipped Ru.
Ru was greatly pleased with you.
You visited 1 branch of the dungeon, and saw 11 of its levels.
You also visited: Ossuary.

You collected 573 gold pieces.

Inventory:

Hand Weapons
 a - a +1 war axe
 g - a +0 antimagic flail
 E - a +2 morningstar (weapon)
Armour
 c - a +0 kite shield (worn)
 n - a +2 chain mail of fire resistance (worn)
 o - a +0 pair of gloves (worn)
 H - a +0 pair of boots (worn)
Jewellery
 f - a +6 ring of strength (left hand)
 s - an uncursed ring of protection from fire
 D - a +4 ring of protection (right hand)
Scrolls
 e - 6 scrolls of teleportation
 i - a scroll of fog
 j - 5 scrolls of amnesia {unknown}
 l - a scroll of remove curse
 q - a scroll of blinking
 r - 3 scrolls of identify
 u - 2 scrolls of immolation {unknown}
 v - a scroll of random uselessness {unknown}
 w - a scroll of summoning {unknown}
 y - 2 scrolls of fear {unknown}
 z - a scroll of magic mapping {unknown}
 B - a scroll of noise {unknown}
 F - a scroll of acquirement {unknown}
Potions
 b - a potion of heal wounds
 d - a potion of might
 h - a potion of resistance
 k - 4 potions of flight
 m - 2 potions of ambrosia
 p - 3 potions of mutation
 t - 4 potions of curing {unknown}
 x - 2 potions of attraction {unknown}
 A - a potion of brilliance
 C - a potion of magic {unknown}
 G - a potion of haste {unknown}


   Skills:
 * Level 10.0 Fighting
 + Level 11.6 Axes
 + Level 9.3 Armour
 * Level 9.9 Shields


You had 10 spell levels left.
You didn't know any spells.
Your spell library contained the following spells:

 Spells                   Type           Power        Failure   Level
 Corona                   Hex            #......      99%         1
 Freeze                   Ice            #...         99%         1
 Ensorcelled Hibernation  Hex/Ice        #.....       99%         2
 Confusing Touch          Hex            #.......     100%        3
 Dazzling Flash           Conj/Hex       #.....       100%        3
 Frozen Ramparts          Ice            #.....       100%        3
 Ozocubu's Armour         Ice            #.......     100%        3
 Tukima's Dance           Hex            #.......     100%        3
 Hailstorm                Conj/Ice       #.......     100%        4
 Summon Ice Beast         Ice/Summ       #.......     100%        4


Dungeon Overview and Level Annotations

Branches:
Dungeon (11/15)            Temple (0/1) D:6            Lair (0/6) D:9
Ossuary (visited)
    Orc: D:9-12

Altars:
Cheibriados
Dithmenos
Kikubaaqudgha
Makhleb
Nemelex Xobeh
Ru
Trog
Vehumet
Xom
The Shining One

Shops:
D:4 *   D:10 *

Portals:
Ice
Cave: D:11

Annotations:
D:10 exclusion: obsidian statue


Innate Abilities, Weirdness & Mutations

You reflexively headbutt those who attack you in melee.
You have a pair of horns on your head.
You cannot study or use magical devices.
You are somewhat unskilled. (-1 Apt)


Message History

You redirect the ice dragon's attack!
The ice dragon bites itself.
The ice dragon claws itself!
The ice dragon tramples itself.
The ice dragon bites you but does no damage.
The ice dragon claws you but does no damage.
The ice dragon tramples you.
* * * LOW HITPOINT WARNING * * *
You hold your ground!
You focus your will and illuminate the ice dragon in retribution!
You hit the ice dragon.
The ice dragon is severely wounded.
The ice dragon is stunned by your will and fails to attack.
You sock the ice dragon! Your headbutt misses the ice dragon.
The ice dragon is almost dead.
You block the ice dragon's attack. x2; The ice dragon barely misses you.
Your shield and chain mail prevent you from hitting the ice dragon.
The ice dragon is almost dead.
The ice dragon breathes frost at you. The blast of cold hits you!!!
You die...

...# #...# ###.##
...# #...# #....#
)..# #...# #.#..#
...###...###.#..###
...##........#....#
...##......###..#.#
...##.###..# #....#
....#.###..###..D.##
....#.....<.....@..#
###.########.#..##.#
###.#.(.........##.#
....#'######.#..##<##
####...# ##....###.#
#...# #.........#
#...# #########.#
#...######## #.#
#...'......# #.#


You could see an ice dragon (catching breath, corona).

Vanquished Creatures
  Harold (D:7)
  Erica (D:9)
  2 two-headed ogres (D:8)
  2 polar bears
  Prince Ribbit (D:7)
  6 yaks
  Menkaure (D:7)
  4 orc warriors
  3 ice beasts
  4 sky beasts
  2 phantoms
  A necrophage (D:6)
  2 centaurs
  3 black bears
  A wolf (D:11)
  5 ogres
  A big kobold (D:10)
  8 bullfrogs
  An elf zombie (Ossuary)
  2 scorpions
  25 killer bees
  A howler monkey (D:4)
  6 wights (D:8)
  3 centaur zombies
  3 jellies
  2 quasits
  3 hounds
  A bullfrog zombie (D:5)
  A human zombie (Ossuary)
  2 orc priests
  2 centaur skeletons
  4 orc wizards
  A bullfrog skeleton (D:7)
  An iguana (D:4)
  Jessica (D:2)
  Natasha (twice) (D:2)
  8 worker ants
  A killer bee zombie (D:10)
  3 big kobold zombies (Ossuary)
  A hound zombie (D:10)
  3 hound skeletons
  2 mummies (Ossuary)
  7 gnolls
  13 adders
  2 shadow imps
  2 white imps
  4 ufetubi
  An ooze (D:4)
  2 adder zombies
  4 worms
  3 dart slugs
  9 leopard geckos
  27 orcs
  4 giant cockroaches
  6 goblins
  6 hobgoblins
  16 jackals
  8 quokkas
  4 ball pythons
  9 bats
  9 frilled lizards
  2 goblin zombies (Ossuary)
  8 hobgoblin zombies (Ossuary)
  A jackal zombie (D:5)
  12 kobolds
  10 kobold zombies (Ossuary)
  2 leopard gecko skeletons
  2 leopard gecko zombies (D:5)
  8 orc zombies (Ossuary)
  2 quokka skeletons
  A quokka zombie (D:8)
  5 rats
  A rat zombie (Ossuary)
317 creatures vanquished.

Vanquished Creatures (others)
  2 orc wizards
  2 orcs (D:8)
  A kobold (D:10)
5 creatures vanquished.

Grand Total: 322 creatures vanquished

Notes
Turn   | Place    | Note
-------+----------+-------------------------------------------
     0 | D:1      | Decritt the Minotaur Fighter began the quest for the Orb.
     0 | D:1      | Reached XP level 1. HP: 19/19 MP: 0/0
   305 | D:1      | Reached XP level 2. HP: 25/27 MP: 1/1
   424 | D:1      | Reached skill level 3 in Axes
  1041 | D:2      | Reached XP level 3. HP: 33/33 MP: 2/2
  1099 | D:2      | Found an ancient bone altar of Kikubaaqudgha.
  1193 | D:2      | Noticed Natasha
  1202 | D:2      | Killed Natasha
  1202 | D:2      | Reached XP level 4. HP: 34/40 MP: 3/3
  1338 | D:2      | Reached skill level 4 in Axes
  1429 | D:2      | Noticed Natasha
  1433 | D:2      | Noticed Jessica
  1435 | D:2      | Killed Natasha
  1440 | D:2      | Reached XP level 5. HP: 44/47 MP: 4/4
  1452 | D:2      | Killed Jessica
  1847 | D:3      | Reached skill level 5 in Axes
  2190 | D:3      | Reached XP level 6. HP: 51/55 MP: 5/5
  2301 | D:3      | Found a sacrificial altar of Ru.
  2302 | D:3      | Found a burning altar of Makhleb.
  2303 | D:3      | Found a sparkling altar of Nemelex Xobeh.
  2312 | D:3      | Became a worshipper of Ru the Awakened
  2330 | D:3      | Reached skill level 5 in Fighting
  2333 | D:3      | Reached skill level 5 in Shields
  2359 | D:3      | Reached skill level 5 in Armour
  3139 | D:4      | Reached skill level 6 in Axes
  3139 | D:4      | Reached XP level 7. HP: 48/61 MP: 2/6
  3561 | D:4      | Found Xiprun's General Store.
  3786 | D:5      | Entered Level 5 of the Dungeon
  3967 | D:5      | Reached skill level 7 in Axes
  4358 | D:5      | Reached XP level 8. HP: 55/70 MP: 2/7
  4755 | D:6      | Reached skill level 8 in Axes
  4784 | D:6      | Found a sand-covered staircase.
  4807 | Ossuary  | Entered an ossuary
  5399 | D:6      | Reached skill level 9 in Axes
  5487 | D:6      | Found a staircase to the Ecumenical Temple.
  5551 | D:6      | Reached XP level 9. HP: 75/79 MP: 2/8
  6094 | D:7      | Noticed Harold
  6115 | D:7      | Killed Harold
  6115 | D:7      | Reached skill level 10 in Axes
  6795 | D:7      | Noticed Prince Ribbit
  6814 | D:7      | Killed Prince Ribbit
  7213 | D:6      | Reached skill level 11 in Axes
  7441 | D:7      | Found a radiant altar of Vehumet.
  7477 | D:7      | Noticed Menkaure
  7483 | D:7      | Reached XP level 10. HP: 90/90 MP: 3/9
  7485 | D:7      | Killed Menkaure
  7486 | D:7      | Gained mutation: You cannot study or use magical devices.
                  | [Ru sacrifice]
  7486 | D:7      | Reached * piety under Ru
  7486 | D:7      | Reached ** piety under Ru
  7727 | D:8      | Found a bloodstained altar of Trog.
  8138 | D:8      | Noticed a two-headed ogre
  8146 | D:8      | Killed a two-headed ogre
  8261 | D:8      | Noticed a two-headed ogre
  8266 | D:8      | Killed a two-headed ogre
  8266 | D:8      | Reached skill level 12 in Axes
  8684 | D:8      | Found a shimmering altar of Xom.
  8684 | D:8      | Found a snail-covered altar of Cheibriados.
  8739 | D:9      | Found a staircase to the Lair.
  8806 | D:9      | Found a glowing golden altar of the Shining One.
  8870 | D:9      | Noticed Erica
  8877 | D:9      | Killed Erica
  9223 | D:9      | Reached skill level 10 in Fighting
  9439 | D:10     | Entered Level 10 of the Dungeon
  9473 | D:10     | Found a shadowy altar of Dithmenos.
  9496 | D:10     | Reached skill level 10 in Shields
  9510 | D:10     | Gained mutation: You are somewhat unskilled. (-1 Apt) [Ru
                  | sacrifice]
  9510 | D:10     | Reduced skill Axes to level 11
  9510 | D:10     | Reached *** piety under Ru
  9510 | D:10     | Reached **** piety under Ru
  9579 | D:10     | Reached XP level 11. HP: 83/97 MP: 10/10
  9657 | D:10     | Noticed an obsidian statue
  9675 | D:10     | Found Pyhoh's Lightly-Used Armoury.
 10522 | D:11     | Found a frozen archway.
 10523 | D:11     | Noticed an ice dragon
 10555 | D:10     | Reached skill level 10 in Fighting
 10561 | D:10     | Killed from afar by an ice dragon

Illustrated notes

Levels and vault maps discovered:
D:1:      tarquinn_simple_flora_water_a, layout_loops_corners,
          roderic_roman_lattice, serial_park_tiny_pond
D:2:      layout_rooms, lemuel_tele_altar, uniq_natasha, uniq_jessica
D:3:      layout_loops_ring, chequers_temple_overflow_statue_of_worship
D:4:      layout_basic, serial_shops, shop
D:5:      layout_rooms
D:6:      layout_basic, temple_hall, chequers_ossuary_entry_cave
D:7:      layout_rooms, nicolae_overflow_crystal_walls, minmay_misc_feat_doors,
          uniq_menkaure, uniq_harold, uniq_prince_ribbit1
D:8:      layout_rooms, minitemple, trog_ov_bears_minmay, serial_aquarium,
          aquarium_bridge_long_joined [aquarium_subvault_wall,
          aquarium_subvault_balcony, aquarium_subvault_balcony,
          aquarium_subvault_balcony, aquarium_subvault_window,
          aquarium_subvault_bridge], aquarium_window_corner,
          aquarium_window_fake, aquarium_view_2f, aquarium_balcony_3a,
          aquarium_pool_four
D:9:      layout_gridville, nicolae_tso_carved_into_rock, lair_entry_dummy,
          uniq_erica
D:10:     layout_basic, minmay_shop_damaged, grunt_ministairs_2,
          corexii_corridor_pit, minivault_15,
          nicolae_dithmenos_through_a_glass_darkly
D:11:     layout_long_grid, portal_ice_cave_entry_animals_and_master,
          kennysheep_generic_room_13

Skill      XL: |  1  2  3  4  5  6  7  8  9 10 11 |
---------------+----------------------------------+-----
Axes           | 3 4 5 6 7 9 11 11 | 11.6
Fighting       | 4 5 6 7 8 9 10 | 10.0
Shields        | 4 5 6 7 8 9 |  9.9
Armour         | 4 5 6 7 8 8 9 |  9.3

Action                   |  1- 3 |  4- 6 |  7- 9 | 10-12 || total
-------------------------+-------+-------+-------+-------++-------
Melee: War axe           |    63 |   106 |       |       ||   169
       Headbutt          |     5 |    19 |   102 |    68 ||   194
       Flail             |       |    25 |   434 |    96 ||   555
       Morningstar       |       |       |       |   212 ||   212
Throw: Dart              |    39 |    44 |     9 |       ||    92
Invok: Sacrifice Artific |       |       |       |     1 ||     1
       Sacrifice Skill   |       |       |       |     1 ||     1
  Use: Scroll            |       |     7 |     4 |     2 ||    13
Armor: Scale mail        |    24 |    50 |    17 |       ||    91
       Chain mail        |       |       |   168 |   148 ||   316
Dodge: Dodged            |    20 |    28 |   121 |    74 ||   243
Block: Kite shield       |    40 |    61 |   299 |   198 ||   598

Table legend: (Time is in decaauts)
 A = Elapsed time spent in this place.
 B = Non-inter-level travel time spent in this place.
 C = Inter-level travel time spent in this place.
 D = Time resting spent in this place.
 E = Time spent auto-exploring this place.
 F = Levels seen in this place.
 G = Mean time per level.
                   A        B        C        D        E       F      G
               +--------+--------+--------+--------+--------+-----+--------+
         Total |  10757 |  10536 |    221 |   2097 |   6219 |  12 |  896.4 |
       Dungeon |  10457 |  10236 |    221 |   2097 |   6093 |  11 |  950.6 |
       Ossuary |    299 |    299 |      0 |      0 |    126 |   1 |  299.0 |
               +--------+--------+--------+--------+--------+-----+--------+

Top non-repeatable levels by time:
     D:6: 2133 daAuts
     D:3: 1211 daAuts
    D:10: 1105 daAuts
     D:1: 1053 daAuts
     D:8: 1041 daAuts
     D:4: 937 daAuts
     D:5: 838 daAuts
     D:2: 773 daAuts
     D:9: 729 daAuts
     D:7: 590 daAuts
 Ossuary: 299 daAuts
    D:11: 43 daAuts
